 Dungeon Crawl Stone Soup version 0.32-a0-131-g9dbbe29261 (webtiles) character file.

Game seed: 2739993270785303980

811 PriceMaster the Firebug (level 7, 0/43 HPs)
             Began as an Octopode Fire Elementalist on Feb 8, 2024.
             Was an Initiate of Qazlal.
             Succumbed to an adder's poison
             ... on level 5 of the Dungeon.
             The game lasted 00:11:40 (5599 turns).

PriceMaster the Firebug (OpFE)                      Turns: 5599, Time: 00:11:40

Health: 0/43       AC:  1    Str:  5    XL:     7   Next: 93%
Magic:  1/13       EV: 13    Int: 19    God:    Qazlal [......]
Gold:   228        SH:  0    Dex: 11    Spells: 8/14 levels left

rFire   . . .        k - +0 scythe
rCold   . . .        (shield currently unavailable)
rNeg    . . .        (helmet restricted)
rPois   .            c - amulet of the acrobat
rElec   .            b - ring of flight
rCorr   .            (no ring)
SInv    .            (no ring)
Will    .....        (no ring)
Stlth   ++++         (no ring)
HPRegen 0.27/turn    (no ring)
MPRegen 0.13/turn    (no ring)
                     (no ring)

%: acrobat
@: lethally poisoned (0 -> -7), flying
A: almost no armour, amphibious, 8 rings, camouflage 1, gelatinous body 1,
(nimble swimmer 1), tentacles, clumsy 1, weak 1, evolution 1
a: Renounce Religion


You were on level 5 of the Dungeon.
You worshipped Qazlal.
Qazlal was noncommittal.
You visited 2 branches of the dungeon, and saw 6 of its levels.

You collected 228 gold pieces.

Inventory:

Hand Weapons
 e - a +0 short sword
 f - a +0 short sword
 k - a +0 scythe (weapon)
Missiles
 m - 8 poisoned darts
Jewellery
 b - a ring of flight (left tentacle)
 c - an amulet of the acrobat (around mantle)
Wands
 a - a wand of polymorph (9)
 h - a wand of charming (20)
Scrolls
 d - 2 scrolls of identify
 g - 2 scrolls of silence
 i - 2 scrolls of noise
 o - a scroll of teleportation {unknown}
 p - 3 scrolls of enchant armour {unknown}
 q - a scroll of amnesia
Potions
 l - a potion of cancellation
 n - a potion of brilliance {unknown}


   Skills:
 + Level 1.0 Fighting
 + Level 1.6 Short Blades
 + Level 2.1 Polearms
 + Level 3.3 Dodging
 + Level 4.7 Stealth
 + Level 4.2 Spellcasting
 + Level 2.4 Conjurations
 + Level 2.1 Hexes
 + Level 4.9 Fire Magic


You had 8 spell levels left.
You knew the following spells:

 Your Spells              Type           Power      Damage    Failure   Level
a - Foxfire               Conj/Fire      72%        2x1d7     3%          1
b - Scorch                Fire           44%        2d6       2%          2
c - Inner Flame           Hex/Fire       17%        N/A       10%         3

Your spell library contained the following spells:

 Spells                   Type           Power      Damage    Failure   Level
 Slow                     Hex            48%        N/A       5%          1
 Summon Small Mammal      Summ           16%        N/A       14%         1
 Volatile Blastmotes      Fire/Tloc      26%        2d12      14%         3
 Confusing Touch          Hex            12%        N/A       17%         3
 Sigil of Binding         Hex            12%        N/A       17%         3
 Mercury Vapours          Alch/Air       8%         N/A       21%         2
 Mephitic Cloud           Conj/Alch/Air  7%         N/A       28%         3
 Flame Wave               Conj/Fire      18%        2d7       28%         4
 Call Canine Familiar     Summ           4%         N/A       38%         3
 Vampiric Draining        Necr           4%         2d6       38%         3
 Summon Blazeheart Golem  Fire/Summ      13%        N/A       43%         4
 Freezing Cloud           Conj/Ice/Air   3%         6-21      95%         5


Dungeon Overview and Level Annotations

Branches:
Dungeon (5/15)             Temple (1/1) D:4

Altars:
Ashenzari
Cheibriados
Elyvilon
Fedhas
Gozag
Hepliaklqana
Kikubaaqudgha
Nemelex Xobeh
Okawaru
Qazlal
Sif Muna
Trog
Uskayaw
Vehumet
Wu Jian
Yredelemnul
The Shining One

Shops:
D:3 !


Innate Abilities, Weirdness & Mutations

You cannot wear most types of armour.
You are amphibious.
You can wear up to eight rings at the same time.
Your skin changes colour to match your surroundings (Stealth+).
Your rubbery body absorbs attacks. (AC +1, EV +1)
((You are camouflaged when in or above water. (Stealth+)))
You have tentacles for arms and can constrict up to eight enemies at once.
You are clumsy. (Dex -2)
You are weak. (Str -2)
You have hidden genetic potential.


Message History

Okay, then.
Reach: k) +0 scythe
Press: ? - help, Dir - move target, f - adder
Aim: an adder (lightly wounded, about 78% to evade your +0 scythe)
Okay, then.
Reach: k) +0 scythe
Press: ? - help, Dir - move target, f - adder
Aim: an adder (lightly wounded, about 78% to evade your +0 scythe)
You reach to attack!
You closely miss the adder.
The adder is lightly wounded.
The adder bites you.
* * * LOW HITPOINT WARNING * * *
Reach: k) +0 scythe
Press: ? - help, Dir - move target, f/p - adder
Aim: an adder (lightly wounded, about 78% to evade your +0 scythe)
Okay, then.
Aiming: Charm
Press: ? - help, Shift-Dir - straight line, f/p - adder
Aim: an adder (lightly wounded, chance to affect: 57%)
The adder resists with significant effort.
The adder bites you.
* * * LOW HITPOINT WARNING * * *
Unknown command.
Aiming: Charm
Press: ? - help, Shift-Dir - straight line, f/p - adder
Aim: an adder (lightly wounded, chance to affect: 57%)
The adder resists with significant effort.
The adder closely misses you.
You miss the adder. You grab the adder.
The adder is lightly wounded.
You constrict the adder. The adder bites you.
* * * LOW HITPOINT WARNING * * *
You are lethally poisoned!
The adder poisons you! The adder bites you.
* * * LOW HITPOINT WARNING * * *
It was a potion of mutation.
You feel extremely strange.
You feel weaker.
You feel clumsy.
You feel a hidden potential growing inside you.
You constrict the adder.
You die...

.........###########
#.
.....§☼............#
#.
......°..#########.#
#. ....S....# #.# #.
.........# #.# #.
#######.## #.# #.
#.# #.# ## #S#
#.##### #@# #......
#.# ####### #.# #.#
#.# #.# ..# ###


You could see an adder.

Vanquished Creatures
  Sigmund (D:3)
  A centaur (D:5)
  A scorpion (D:4)
  5 hounds
  An orc priest (D:4)
  A bombardier beetle (D:4)
  An iguana (D:4)
  An orc wizard (D:4)
  Robin (D:4)
  5 gnolls
  7 adders
  3 dart slugs
  2 ribbon worms
  3 orcs
  10 bats
  3 endoplasms
  3 giant cockroaches
  21 goblins
  6 hobgoblins
  6 kobolds
  3 quokkas
  4 ball pythons
  2 frilled lizards
  A rat (D:3)
92 creatures vanquished.

Vanquished Creatures (collateral kills)
  A bombardier beetle (D:5)
1 creature vanquished.

Vanquished Creatures (others)
  145 foxfires
145 creatures vanquished.

Grand Total: 238 creatures vanquished

Notes
Turn   | Place    | Note
-------+----------+-------------------------------------------
     0 | D:1      | PriceMaster the Octopode Fire Elementalist began the quest
                  | for the Orb.
     0 | D:1      | Reached XP level 1. HP: 11/11 MP: 3/3
   101 | D:1      | Reached XP level 2. HP: 17/17 MP: 1/5
   104 | D:1      | Learned a level 2 spell: Scorch
   602 | D:1      | Reached XP level 3. HP: 21/21 MP: 6/6
   606 | D:1      | Learned a level 3 spell: Inner Flame
  2050 | D:3      | Reached XP level 4. HP: 19/27 MP: 1/7
  2268 | D:3      | Found a radiant altar of Vehumet.
  2336 | D:3      | Found Paorif's Distillery.
  2378 | D:3      | Noticed Sigmund
  2584 | D:4      | Noticed a scorpion
  3067 | D:3      | Reached skill level 1 in Short Blades
  3420 | D:3      | Reached XP level 5. HP: 22/31 MP: 3/9
  3630 | D:3      | Killed Sigmund
  3631 | D:3      | Reached skill level 1 in Hexes
  3631 | D:3      | Reached XP level 6. HP: 36/36 MP: 1/10
  3990 | D:4      | Found a hide-covered altar of Uskayaw.
  4050 | D:4      | Noticed Robin
  4078 | D:4      | Reached XP level 7. HP: 10/42 MP: 4/12
  4173 | D:4      | Reached skill level 1 in Polearms
  4370 | D:4      | Killed Robin
  4446 | D:4      | Found a staircase to the Ecumenical Temple.
  4476 | Temple   | Entered the Ecumenical Temple
  4517 | Temple   | Became a worshipper of Qazlal Stormbringer
  5180 | D:4      | Found an opulent altar of Gozag.
  5186 | D:4      | Found a shimmering blue altar of Sif Muna.
  5189 | D:4      | Found an ancient bone altar of Kikubaaqudgha.
  5228 | D:5      | Entered Level 5 of the Dungeon
  5589 | D:5      | Reached skill level 1 in Fighting
  5598 | D:5      | HP: 1/43 [adder (4)]
  5599 | D:5      | Gained mutation: You are weak. (Str -2) [potion of
                  | mutation]
  5599 | D:5      | Gained mutation: You are clumsy. (Dex -2) [potion of
                  | mutation]
  5599 | D:5      | Gained mutation: You have hidden genetic potential. [potion
                  | of mutation]
  5599 | D:5      | Succumbed to an adder's poison

Illustrated notes

Levels and vault maps discovered:
D:1:      amcnicky_arrival_wind_blow, layout_basic, minmay_misc_feat_hallway
D:2:      layout_basic
D:3:      minmay_chambers_of_twos, layout_rooms, nicolae_overflow_crystal_walls,
          serial_shops, nicolae_shop_industrial_runoff, chequers_mini_garden,
          uniq_sigmund
D:4:      cheibrodos_quashed, layout_loops_cross,
          nicolae_uskayaw_murder_on_the_dancefloor,
          minmay_overflow_temple_star_quad, minmay_temple_entry_crystal_x,
          uniq_robin
D:5:      layout_basic, lemuel_doored_altar, enter_ossuary_5, moated_statue,
          uniq_ijyb
Temple:   nicolae_temple_ecumenical_triangle

Skill      XL: |  1  2  3  4  5  6  7 |
---------------+----------------------+-----
Stealth        | 3 4 |  4.7
Short Blades   | 1 |  1.6
Dodging        | 3 |  3.3
Spellcasting   | 3 4 |  4.2
Conjurations   | 2 |  2.4
Hexes          | 1 2 |  2.1
Fire Magic     | 4 |  4.9
Polearms       | 2 |  2.1
Fighting       | 1 |  1.0

Action                     |  1- 3 |  4- 6 |  7- 9 || total
---------------------------+-------+-------+-------++-------
  Melee: Unarmed           |     5 |       |       ||     5
         Constrict         |     6 |    12 |     6 ||    24
         Tentacles         |     5 |     5 |     6 ||    16
         Short sword       |    20 |    42 |       ||    62
         Punch             |     1 |     6 |       ||     7
         Halberd           |       |    18 |    27 ||    45
   Cast: Foxfire           |    25 |    35 |    28 ||    88
         Scorch            |     8 |    14 |    11 ||    33
         Inner Flame       |     5 |     8 |     9 ||    22
  Evoke: Wand              |       |       |     3 ||     3
    Use: Potion            |     3 |     3 |     1 ||     7
         Scroll            |       |     4 |       ||     4
   Stab: Sleeping          |     2 |     1 |     3 ||     6
 Armour: Skin              |    13 |    51 |    22 ||    86
  Dodge: Dodged            |    21 |    81 |    28 ||   130

Table legend: (Time is in decaauts)
 A = Elapsed time spent in this place.
 B = Non-inter-level travel time spent in this place.
 C = Inter-level travel time spent in this place.
 D = Time resting spent in this place.
 E = Time spent auto-exploring this place.
 F = Levels seen in this place.
 G = Mean time per level.
                   A        B        C        D        E       F      G
               +--------+--------+--------+--------+--------+-----+--------+
         Total |   5621 |   5485 |    136 |   1979 |   2538 |   6 |  936.8 |
       Dungeon |   5571 |   5435 |    136 |   1979 |   2538 |   5 | 1114.2 |
        Temple |     50 |     50 |      0 |      0 |      0 |   1 |   50.0 |
               +--------+--------+--------+--------+--------+-----+--------+

Top non-repeatable levels by time:
     D:4: 1653 daAuts
     D:3: 1513 daAuts
     D:1: 1120 daAuts
     D:2: 909 daAuts
     D:5: 373 daAuts
  Temple: 50 daAuts
